 Dungeon Crawl Stone Soup version 0.24-a0-282-g1a68c911f0 (webtiles) character file.

Game seed: 1152144010331354499

602 HAL9000 the Covert (level 7, -2/34 HPs)
             Began as a Vine Stalker Assassin on May 3, 2019.
             Slain by an ice beast (4 damage)
             ... on level 4 of the Dungeon.
             The game lasted 00:09:28 (3888 turns).

HAL9000 the Covert (Vine Stalker Assassin)          Turns: 3888, Time: 00:09:29

Health: -2/34      AC:  5    Str: 14    XL:     7   Next: 41%
Magic:  0/8        EV: 16    Int: 12    God:
Gold:   187        SH:  0    Dex: 21    Spells: 6/6 levels left

rFire    . . .     SeeInvis .   a - +3 dagger
rCold    . . .     Gourm    .   (no shield)
rNeg     . . .     Faith    .   c - +0 robe
rPois    .         Spirit   +   (no helmet)
rElec    .         Reflect  .   d - +0 cloak
rCorr    .         Harm     .   r - +1 pair of gloves
MR       .....                  (no boots)
Stlth    +++++.....             (no amulet)
HPRegen  0.51/turn              n - +4 ring of evasion
MPRegen  0.11/turn              k - +5 ring of dexterity

@: no status effects
A: fangs 2, regeneration 1, magic shield, antimagic bite, no potion heal 3, rot
immunity
a: no special abilities


You were on level 4 of the Dungeon.
You were hungry.

You visited 1 branch of the dungeon, and saw 6 of its levels.

You collected 187 gold pieces.

Inventory:

Hand Weapons
 a - a +3 dagger (weapon)
 b - a +0 blowgun
Missiles
 e - 18 poisoned needles
 m - 7 tomahawks (quivered)
Armour
 c - a +0 robe (worn)
 d - a +0 cloak (worn)
 r - a +1 pair of gloves (worn)
Jewellery
 h - an uncursed ring of protection from magic
 k - a +5 ring of dexterity (right hand)
 n - a +4 ring of evasion (left hand)
Wands
 f - a wand of disintegration (15)
 z - a wand of iceblast (4)
Scrolls
 i - 4 scrolls of identify
 j - 2 scrolls of fog
 l - a scroll of remove curse
 u - 2 scrolls of magic mapping
 x - 2 scrolls of fear
Potions
 o - 2 potions of brilliance {unknown}
 q - 2 potions of heal wounds
 s - 2 potions of degeneration {unknown}
 w - a potion of lignification {unknown}
 A - a potion of agility {unknown}
 B - a potion of haste {unknown}
Comestibles
 g - 5 rations


   Skills:
 - Level 1.7 Fighting
 + Level 4.5 Short Blades
 - Level 1.7 Throwing
 - Level 0.7 Dodging
 + Level 9.5 Stealth


You had 6 spell levels left.
You didn't know any spells.
Your spell library was empty.

Dungeon Overview and Level Annotations

Branches:
Dungeon (6/15)
 Temple: D:4-7

Altars:
Elyvilon
Qazlal
Sif Muna
Xom
Zin
The Shining One


Innate Abilities, Weirdness & Mutations

You have extremely sharp teeth.
Your natural rate of healing is unusually fast.
When hurt, damage is shared between your health and your magic reserves.
Your bite disrupts and absorbs the magic of your enemies.
Potions cannot restore your health.
You are immune to rotting.


Message History

You feel invigorated.
The ice beast is moderately wounded.
The ice beast hits you. The ice beast freezes you!
* * * LOW HITPOINT WARNING * * *
You hit the ice beast but do no damage.
The ice beast is moderately wounded.
You hit the ice beast. Your bite misses the ice beast.
The ice beast is moderately wounded.
The ice beast hits you.
* * * LOW HITPOINT WARNING * * *
The ice beast freezes you.
* * * LOW HITPOINT WARNING * * *
Unknown command.
You hit the ice beast. Your bite misses the ice beast.
The ice beast is heavily wounded.
The ice beast barely misses you.
You hit the ice beast but do no damage. Your bite misses the ice beast.
The ice beast is heavily wounded.
The ice beast hits you.
You die...

............#
#........# #.
............#
#........# #.
............#
###...>....#
............#
#(.........#
............#
#..........#
....####....#
#..........#
....# #....#
#..........#
....# #....#
#Y.........#
....# #....#
#@.........#
##### ######
############


You could see an ice beast.

Vanquished Creatures
  Sigmund (D:2)
  An ogre (D:4)
  A bullfrog (D:5)
  A hound (D:3)
  A bullfrog skeleton (D:4)
  Ijyb (D:3)
  2 iguanas (D:4)
  A hound skeleton (D:4)
  Robin (D:2)
  3 gnolls (D:3)
  An adder (D:4)
  An ooze (D:2)
  An adder skeleton (D:4)
  4 worms
  2 leopard geckos
  13 bats
  4 giant cockroaches
  12 goblins
  13 hobgoblins
  3 jackals (D:1)
  A quokka (D:2)
  4 frilled lizards
  7 kobolds
  A leopard gecko skeleton (D:4)
  11 rats
  2 plants (D:1)
93 creatures vanquished.

Notes
Turn   | Place    | Note
-------+----------+-------------------------------------------
     0 | D:1      | HAL9000 the Vine Stalker Assassin began the quest for the
                  | Orb.
     0 | D:1      | Reached XP level 1. HP: 11/11 MP: 2/2
    31 | D:1      | Reached skill level 5 in Stealth
    66 | D:1      | Reached XP level 2. HP: 13/15 MP: 3/3
   501 | D:1      | Reached skill level 6 in Stealth
   501 | D:1      | Reached XP level 3. HP: 18/18 MP: 4/4
   886 | D:2      | Noticed Robin
   956 | D:2      | Noticed Sigmund
  1207 | D:2      | Killed Robin
  1372 | D:2      | Gained mutation: Your natural rate of healing is unusually
                  | fast. [Vine Stalker growth]
  1372 | D:2      | Reached XP level 4. HP: 23/23 MP: 5/5
  1679 | D:2      | Killed Sigmund
  1679 | D:2      | Reached skill level 8 in Stealth
  1679 | D:2      | Reached XP level 5. HP: 26/26 MP: 6/6
  1679 | D:2      | Reached XP level 6. HP: 30/30 MP: 7/7
  2028 | D:2      | Found a stormy altar of Qazlal.
  2065 | D:2      | Found a shimmering altar of Xom.
  2460 | D:3      | Noticed Ijyb
  2481 | D:3      | Killed Ijyb
  2661 | D:3      | Found a deep blue altar of Sif Muna.
  2853 | D:3      | Found a glowing golden altar of the Shining One.
  2854 | D:3      | Found a white marble altar of Elyvilon.
  2855 | D:3      | Found a glowing silver altar of Zin.
  3504 | D:4      | Reached skill level 9 in Stealth
  3504 | D:4      | Reached XP level 7. HP: 34/34 MP: 8/8
  3774 | D:4      | You fall through a shaft for 2 floors!
  3789 | D:5      | Entered Level 5 of the Dungeon
  3886 | D:4      | HP: 1/34 [ice beast (3)]
  3888 | D:4      | Slain by an ice beast

Levels and vault maps discovered:
D:1:      minmay_arrival_stair_chambers, layout_basic, serial_forest,
          infiniplex_forest_end_3, infiniplex_forest_straight_3,
          infiniplex_forest_end_3, infiniplex_forest_3_way,
          infiniplex_forest_clump_large, infiniplex_forest_corner_1
D:2:      layout_rooms, grunt_qazlal_clouds, lemuel_round_altar, uniq_sigmund,
          uniq_robin
D:3:      layout_basic, good_gods_temple_1, led_sif_pool, first_ration,
          uniq_ijyb
D:4:      layout_gridville, gammafunk_temple_overflow_statue, temple_green
D:5:      layout_rooms, lemuel_round_altar, nicolae_overflow_crystal_walls,
          uniq_eustachio, uniq_crazy_yiuf_cottage
D:6:      layout_rooms, lemuel_doored_altar, hangedman_abyss_or_decor_passed

Skill      XL: |  1  2  3  4  5  6 |
---------------+-------------------+-----
Stealth        | 5 6 8 9 |  9.5
Short Blades   | 2 3 4 |  4.5
Fighting       | |  1.7
Throwing       | |  1.7
Dodging        | |  0.7

Action                   |  1- 3 |  4- 6 |  7- 9 || total
-------------------------+-------+-------+-------++-------
Melee: Dagger            |   158 |   144 |    27 ||   329
       Bite              |    70 |    46 |    11 ||   127
 Fire: Blowgun           |     1 |    10 |     2 ||    13
Throw: Tomahawk          |       |     4 |       ||     4
  Use: Scroll            |       |       |     7 ||     7
 Stab: Sleeping          |    13 |    12 |     2 ||    27
  Eat: Chunk             |     2 |     6 |     1 ||     9
Armor: Robe              |    22 |    12 |     6 ||    40
Dodge: Dodged            |    67 |    77 |    37 ||   181

Table legend:
 A = Non-vault XP
 B = Vault XP
 C = Vault XP percentage of total XP
 D = Non-vault monster count
 E = Vault monster count
 F = Vault count percentage of total count
                 A         B        C        D         E       F
            +---------+---------+-------+---------+---------+-------
      Total |     584 |     277 |  32.2 |      81 |      10 |  11.0
            +---------+---------+-------+---------+---------+-------
        D:1 |      49 |      10 |  16.9 |      29 |       5 |  14.7
        D:2 |      55 |     231 |  80.8 |      25 |       4 |  13.8
        D:3 |     106 |      36 |  25.4 |      15 |       1 |   6.2
        D:4 |     281 |       0 |   0.0 |      11 |       0 |   0.0
        D:5 |      93 |       0 |   0.0 |       1 |       0 |   0.0
            +---------+---------+-------+---------+---------+-------
